Map: Pillars of Gold LE

Players

Maru - Winner!

  • Race: Terran Terran
  • League: Master
  • Spawn Location: 1:00

Armani

  • Race: Zerg Zerg
  • League: Master
  • Spawn Location: 7:00

Event: DreamHack SC2 Masters 2020 Winter

VOD

Have the link to the VOD?

Description

Time

  • Played on: Nov. 10, 2020, 8:42 a.m.
  • Length: 9:14

All games in this series

Show
View Real Time Build Order
Export as new Build Order

Maru Terran - Winner!

Build Orders: Reaper Expand, Hellion Banshee 

Get SALT Encoding   

  12  0:00  SCV  
  13  0:12  SCV  
  14  0:17  Supply Depot  
  14  0:24  SCV  
  15  0:39  SCV  
  15  0:40  Barracks  
  16  0:44  Refinery  
  16  0:51  SCV  
  17  1:03  SCV  
  18  1:15  SCV  
  19  1:27  Orbital Command  
  19  1:28  Reaper  
  20  1:43  Command Center  
  20  1:53  SCV  
  21  1:54  Supply Depot  
  21  2:00  Marine  
  22  2:05  SCV  
  23  2:09  Factory  
  23  2:18  SCV  
  23  2:22  Refinery  
  24  2:23  Barracks Reactor  
  24  2:30  SCV  
  25  2:42  SCV  
  26  2:54  SCV  
  26  2:56  Starport  
  26  2:57  Orbital Command  
  27  3:04  Hellion x2  
  31  3:06  SCV  
  32  3:13  Barracks Tech Lab  
  32  3:18  SCV  
  33  3:23  SCV  
  38  3:27  Supply Depot, Hellion x2  
  38  3:35  SCV x2  
  38  3:38  Cloaking Field  
  38  3:39  Banshee  
  43  3:41  Barracks Tech Lab  
  43  3:50  Supply Depot  
  43  3:52  Hellion x2  
  47  3:56  SCV x2  
  47  4:02  Marine, Stimpack  
  50  4:08  SCV  
  51  4:17  Command Center  
  51  4:21  Banshee  
  54  4:25  SCV x2  
  56  4:37  SCV x2  
  57  4:40  Supply Depot, Factory Reactor  
  57  4:49  SCV  
  57  4:50  SCV  
  56  4:58  Barracks  
  56  5:00  Refinery  
  56  5:02  SCV x2, Barracks  
  58  5:12  Engineering Bay  
  58  5:13  Engineering Bay  
  58  5:14  SCV x2, Starport Reactor  
  60  5:16  Marine  
  60  5:26  SCV x2  
  57  5:34  Marine  
  46  5:38  SCV x2  
  32  5:50  SCV x2, Terran Infantry Armor Level 1, Terran Infantry Weapons Level 1  
  32  5:51  Marine  
  34  5:57  Marine  
  34  5:58  Marine x2  
  34  6:02  SCV x2  
  39  6:05  Supply Depot  
  39  6:08  Orbital Command  
  39  6:14  Combat Shield, SCV  
  39  6:16  SCV  
  41  6:20  Marine x2  
  41  6:21  Marine  
  41  6:24  Marine  
  45  6:32  Medivac x2  
  49  6:34  SCV  
  49  6:35  SCV  
  49  6:37  Marine  
  52  6:41  SCV  
  52  6:46  SCV  
  52  6:47  SCV  
  55  6:48  Marine  
  55  6:49  Marine  
  55  6:50  Siege Tank  
  55  6:53  SCV  
  61  6:55  Marine x2  
  61  6:57  Marine  
  61  6:58  SCV  
  61  6:59  SCV  
  66  7:02  Barracks  
  66  7:04  Medivac  
  66  7:05  SCV  
  69  7:10  SCV  
  69  7:11  Barracks  
  69  7:12  Marine  
  69  7:13  Marine  
  72  7:15  Orbital Command  
  72  7:18  SCV  
  72  7:19  Supply Depot  
  72  7:22  Marine x3  
  76  7:26  Siege Tank  
  79  7:30  Marine x2  
  79  7:36  SCV  
  79  7:37  SCV  
  83  7:38  Supply Depot  
  83  7:39  Marine  
  83  7:40  Marine x2  
  86  7:48  Medivac  
  86  7:50  SCV x2  
  90  7:51  Marine  
  90  7:55  Marine, Supply Depot  
  92  8:00  SCV  
  92  8:02  SCV  
  92  8:05  Refinery  
  94  8:08  SCV  
  94  8:09  Barracks Tech Lab  
  94  8:12  SCV  
  96  8:15  Armory  
  96  8:16  Barracks Tech Lab  
  96  8:18  Marine x2, Marauder  
  100  8:23  SCV x2  
  100  8:24  SCV  
  106  8:27  Siege Tank  
  106  8:33  Medivac  
  108  8:37  Supply Depot  
  108  8:39  Medivac  
  110  8:45  Marine, Marauder x2  
  110  8:46  Marauder, Marine  
  110  8:47  SCV  
  117  8:52  Bunker  
  117  8:59  SCV x2  
  117  9:00  Supply Depot  
Show
View Real Time Build Order
Export as new Build Order

Armani Zerg 

Build Orders: Hatch First 

Get SALT Encoding   

  12  0:00  Drone  
  13  0:12  Overlord  
  13  0:17  Drone  
  14  0:31  Drone x2  
  16  0:50  Hatchery  
  16  0:54  Drone  
  16  0:56  Drone  
  17  1:01  Drone  
  18  1:09  Extractor  
  17  1:16  Spawning Pool  
  16  1:19  Drone  
  16  1:24  Drone  
  18  1:30  Drone  
  19  1:39  Drone  
  20  1:51  Drone  
  21  2:03  Queen x2  
  21  2:06  Zergling x4  
  27  2:11  Metabolic Boost  
  27  2:15  Overlord  
  27  2:17  Drone  
  28  2:36  Drone  
  29  2:37  Spore Crawler  
  29  2:39  Drone x2  
  29  2:43  Queen x2  
  35  2:49  Overlord  
  35  2:52  Drone  
  36  3:07  Drone  
  36  3:08  Drone x2  
  36  3:09  Drone x2  
  41  3:13  Roach Warren  
  41  3:14  Extractor  
  39  3:23  Drone  
  39  3:24  Drone  
  41  3:28  Drone  
  41  3:29  Drone x2  
  41  3:34  Overlord x2  
  44  3:35  Overlord  
  44  3:40  Overlord  
  44  3:54  Roach  
  44  3:55  Roach x4  
  54  4:00  Roach  
  54  4:02  Roach  
  58  4:06  Roach  
  60  4:19  Zergling x8  
  63  4:36  Hatchery  
  61  4:39  Zergling x2  
  61  4:40  Zergling x14  
  69  4:49  Zergling x2  
  69  4:50  Zergling x2  
  69  4:54  Ravager x3  
  69  4:55  Ravager  
  69  4:59  Zergling x4  
  75  5:05  Overlord  
  75  5:09  Overlord  
  75  5:12  Overlord  
  72  5:26  Drone  
  72  5:27  Drone  
  67  5:34  Drone x3  
  60  5:35  Lair  
  60  5:37  Drone  
  60  5:39  Drone  
  60  5:42  Drone  
  55  5:43  Drone  
  55  5:45  Drone x2  
  55  5:47  Drone x2  
  56  5:50  Baneling Nest  
  56  5:51  Drone  
  56  5:54  Drone  
  56  5:56  Drone  
  56  5:58  Drone  
  56  6:00  Queen  
  56  6:01  Extractor  
  56  6:02  Extractor  
  57  6:06  Spore Crawler  
  57  6:07  Spore Crawler  
  57  6:08  Spore Crawler  
  57  6:09  Drone x5  
  57  6:10  Drone  
  60  6:13  Drone  
  60  6:14  Drone  
  60  6:15  Drone  
  63  6:20  Drone x2  
  63  6:22  Overlord  
  65  6:35  Overseer  
  65  6:37  Glial Reconstitution  
  64  6:44  Drone x2  
  65  6:53  Roach x9  
  65  6:54  Roach  
  85  6:55  Drone  
  86  7:02  Roach x3  
  86  7:07  Queen  
  94  7:12  Drone x3  
  94  7:17  Drone  
  94  7:18  Drone x2  
  94  7:19  Extractor, Overlord  
  94  7:22  Roach  
  100  7:23  Roach x2  
  100  7:24  Overseer  
  100  7:27  Ravager x3  
  100  7:28  Ravager  
  105  7:41  Nydus Network, Roach x3  
  110  7:48  Roach x2  
  114  7:54  Overlord  
  114  8:03  Overlord  
  114  8:04  Overlord x3  
  112  8:07  Overlord  
  112  8:09  Overlord  
  112  8:14  Spore Crawler  
  112  8:15  Roach x4  
  112  8:16  Ravager  
  120  8:23  Overseer  
  120  8:25  Roach  
  120  8:26  Roach x3  
  128  8:27  Roach  
  128  8:32  Roach  
  128  8:33  Roach x2  
  136  8:36  Roach  
  136  8:39  Roach x2  
  142  8:45  Roach x2  
  146  8:49  Roach x2  
  146  8:51  Roach  
  146  8:52  Roach  
  146  8:54  Roach  
  156  8:59  Nydus Canal  
Tags
 
Add a new tag
Caveats
  • Supply blocks, unpowered buildings, or Contaminate may cause inaccurate times.
  • Supply counts are checked every 10 seconds.